 Dungeon Crawl Stone Soup version 0.30-b1-5-g8e6c1be481 (webtiles) character file.

Game seed: 2758407397248937270

187 Erymatos the Chopper (level 5, -6/72 HPs)
             Began as a Minotaur Berserker on May 4, 2023.
             Was a Believer of Trog.
             Mangled by a worm (9 damage)
             ... on level 3 of the Dungeon.
             The game lasted 00:02:19 (1909 turns).

Erymatos the Chopper (Minotaur Berserker)           Turns: 1909, Time: 00:02:19

Health: -6/72      AC:  2    Str: 24    XL:     5   Next: 39%
Magic:  4/4        EV: 12    Int:  4    God:    Trog [**....]
Gold:   250        SH:  0    Dex:  9    Spells: 4/4 levels left

rFire   . . .        a - +0 hand axe
rCold   . . .        (no shield)
rNeg    . . .        b - +0 animal skin
rPois   .            (helmet restricted)
rElec   .            (no cloak)
rCorr   .            (no gloves)
SInv    .            (no boots)
Will    .....        l - amulet of the acrobat Stlth
                     (no ring)
HPRegen 0.32/turn    (no ring)
MPRegen 0.09/turn

%: acrobat
@: berserking, slowed
A: horns 2, retaliatory headbutt
a: Renounce Religion, Berserk, Trog's Hand


You were on level 3 of the Dungeon.
You worshipped Trog.
Trog was pleased with you.
You visited 1 branch of the dungeon, and saw 3 of its levels.

You collected 250 gold pieces.

Inventory:

Hand Weapons
 a - a +0 hand axe (weapon)
Armour
 b - a +0 animal skin (worn)
Jewellery
 g - a ring of flight
 l - an amulet of the acrobat (around neck)
Scrolls
 e - 2 scrolls of amnesia {unknown}
 j - a scroll of poison {unknown}
 k - 5 scrolls of identify {unknown}
 m - 3 scrolls of fear {unknown}
 o - a scroll of magic mapping {unknown}
 p - a scroll of teleportation {unknown}
 q - a scroll of brand weapon {unknown}
 s - a scroll of acquirement {unknown}
 t - a scroll of vulnerability {unknown}
 u - a scroll of blinking {unknown}
 v - a scroll of enchant armour {unknown}
 w - a scroll of fog {unknown}
Potions
 c - 2 potions of heal wounds {unknown}
 d - 3 potions of lignification {unknown}
 f - 3 potions of berserk rage {unknown}
 h - a potion of curing {unknown}
 i - a potion of mutation {unknown}
 n - a potion of haste {unknown}
 r - a potion of degeneration {unknown}


   Skills:
 + Level 5.0 Fighting
 + Level 6.0 Axes
 + Level 2.6 Armour
 + Level 2.5 Dodging
 + Level 1.0 Stealth


You had 4 spell levels left.
You didn't know any spells.
Your spell library was empty.

Dungeon Overview and Level Annotations

Branches:
Dungeon (3/15)

Altars:
Kikubaaqudgha

Annotations:
D:3 Natasha


Innate Abilities, Weirdness & Mutations

You have a pair of horns on your head.
You reflexively headbutt those who attack you in melee.


Message History

Natasha casts a spell at you.
The magic dart hits you but does no damage.
The cerulean imp completely misses you. The cerulean imp closely misses you.
The worm misses you. The cerulean imp misses you.
Natasha stares at you and mumbles some strange words.
You feel as though you will be slow longer.
The cerulean imp completely misses you. The cerulean imp closely misses you.
You barely miss Natasha. The cerulean imp barely misses you.
Natasha misses you. The worm closely misses you.
The cerulean imp hits you from afar with a +2 spear.
The cerulean imp hits you but does no damage.
You stop sporulating.
Your +0 hand axe unmelds from your body.
Your +0 animal skin unmelds from your body.
The cerulean imp completely misses you. Natasha claws you.
The cerulean imp misses you. The cerulean imp completely misses you.
The worm completely misses you. The cerulean imp completely misses you.
Natasha casts a spell at you. The magic dart hits you.
You hit Natasha but do no damage. Your headbutt misses Natasha.
You barely miss the cerulean imp. You hit the worm.
The cerulean imp hits you with a +2 spear.
The cerulean imp hits you from afar with a +2 spear.
The cerulean imp hits you from afar with a +0 spear.
Natasha casts a spell at you. The magic dart hits you.
The cerulean imp misses you. The cerulean imp barely misses you.
The worm bites you!
* * * LOW HITPOINT WARNING * * *
A red film seems to cover your vision as you go berserk!
You feel yourself moving faster!
You feel mighty!
The cerulean imp hits you from afar with a +0 spear.
* * * LOW HITPOINT WARNING * * *
Natasha zaps a wand.
You resist with some effort.
The cerulean imp hits you from afar with a +2 spear.
* * * LOW HITPOINT WARNING * * *
The cerulean imp hits you with a +2 spear.
* * * LOW HITPOINT WARNING * * *
The cerulean imp hits you but does no damage.
The worm bites you!
You die...

....##.....#.........##..........
.....#_.# #.....#....##.........
.....########...##....###♣.....♣#
............###.........###'''##
....................###.......#
...................## #########
..................##
...............w..###
.†..........!..h@5..######
.........................#
..........^.#.55#..8..#..#
........... #...##...## .........
..... ##### #...##### ####..
...#### #.. ..##.># ... ..#...#


You could see a worm, Natasha and 3 cerulean imps.

Vanquished Creatures
  An orc priest (D:3)
  An orc wizard (D:3)
  6 adders
  A worm (D:2)
  2 dart slugs
  3 orcs (D:3)
  10 ball pythons
  3 endoplasms (D:1)
  8 giant cockroaches
  3 goblins (D:2)
  2 hobgoblins (D:1)
  4 jackals (D:1)
  5 kobolds
  3 quokkas
  7 bats
  3 frilled lizards (D:2)
  9 rats
  A spectral kobold (D:3)
72 creatures vanquished.

Vanquished Creatures (others)
  5 toadstools (D:3)
5 creatures vanquished.

Grand Total: 77 creatures vanquished

Notes
Turn   | Place    | Note
-------+----------+-------------------------------------------
     0 | D:1      | Erymatos the Minotaur Berserker began the quest for the
                  | Orb.
     0 | D:1      | Reached XP level 1. HP: 19/19 MP: 0/0
     1 | D:1      | Found a runed translucent door.
   120 | D:1      | Reached skill level 4 in Axes
   120 | D:1      | Reached XP level 2. HP: 27/27 MP: 1/1
   732 | D:1      | Reached XP level 3. HP: 33/33 MP: 2/2
   734 | D:1      | Reached ** piety under Trog
  1060 | D:2      | Reached skill level 5 in Axes
  1060 | D:2      | Reached XP level 4. HP: 36/41 MP: 3/3
  1542 | D:3      | Reached XP level 5. HP: 45/47 MP: 4/4
  1548 | D:3      | Reached skill level 5 in Fighting
  1652 | D:3      | Reached skill level 6 in Axes
  1676 | D:3      | Found a faded altar of an unknown god.
  1745 | D:3      | Found an ancient bone altar of Kikubaaqudgha.
  1842 | D:3      | Reached skill level 1 in Stealth
  1886 | D:3      | Noticed Natasha
  1909 | D:3      | HP: 3/72 [cerulean imp/+2 spear[Natasha] (2)]
  1909 | D:3      | Mangled by a worm

Illustrated notes

Levels and vault maps discovered:
D:1:      dpeg_arrival_caged_fury, layout_loops_ring, minmay_tall_x
D:2:      layout_loops_cross, minmay_distorted
D:3:      layout_rooms, mainiacjoe_overflow_alcove_3,
          dreamdust_ecumenical_altar_drowned_temple, grunt_ministairs_6,
          kennysheep_donut, minmay_gold_behind_fungi, mrwooster_statue_mirror,
          uniq_natasha

Skill      XL: |  1  2  3  4  5 |
---------------+----------------+-----
Axes           | 4 5 6 |  6.0
Fighting       | 4 5 |  5.0
Stealth        | 1 |  1.0
Armour         | |  2.6
Dodging        | |  2.5

Action                     |  1- 3 |  4- 6 || total
---------------------------+-------+-------++-------
  Melee: Hand axe          |    70 |    57 ||   127
         Headbutt          |     7 |     5 ||    12
         Punch             |       |     1 ||     1
         Unarmed           |       |     3 ||     3
 Invoke: Berserk           |     2 |     2 ||     4
   Stab: Sleeping          |       |     2 ||     2
 Armour: Animal skin       |    15 |     9 ||    24
         Skin              |       |     8 ||     8
  Dodge: Dodged            |    45 |    85 ||   130
